 Dungeon Crawl Stone Soup version 0.16.1-28-gcc2312f (webtiles) character file.

6360 gornard the Ducker (level 10, -1/77 HPs)
             Began as a Demonspawn Abyssal Knight on June 1, 2015.
             Was a High Priest of Lugonu.
             Succumbed to a spiny frog's poison
             ... on level 2 of the Lair of Beasts on June 2, 2015.
             The game lasted 02:13:48 (13568 turns).

gornard the Ducker (Demonspawn Abyssal Knight)     Turns: 13568, Time: 02:13:48

Health: -1/77      AC: 21    Str: 14    XL:     10   Next: 65%
Magic:  15/24      EV: 12    Int:  9    God:    Lugonu [*****.]
Gold:   494        SH:  0    Dex: 15    Spells: 0 memorised, 9 levels left

rFire  . . .     SeeInvis .     T - +1 morningstar (protect)
rCold  . . .     Rnd*Rage +     k - +4 scale mail
rNeg   . . .     SustAb   .     (no shield)
rPois  .         Gourm    +     (helmet restricted)
rElec  .         Spirit   +     q - +0 cloak
rCorr  .         Warding  .     (no gloves)
rMut   .         Stasis   .     t - +0 pair of boots
MR     .....                    z - amulet of the gourmand
Stlth  +.........               (no ring)
                                K - ring of magical power

@: lethally poisoned (-1 -> -14), exhausted, very slightly contaminated, hasted
and slowed, not resistant to hostile enchantments, very unstealthy
A: horns 1, yellow scales 1, berserk 1, dopey 2, magic shield, magic
regeneration
a: Depart the Abyss, Bend Space, Banish, Corrupt, Enter the Abyss, Renounce
Religion


You were on level 2 of the Lair of Beasts.
You worshipped Lugonu.
Lugonu was extremely pleased with you.
You were not hungry.

You visited 3 branches of the dungeon, and saw 11 of its levels.
You visited the Abyss 1 time.

You collected 494 gold pieces.

Inventory:

Hand weapons
 a - a +1 mace
 G - a +0 blowgun
 H - a +1 hunting sling of freezing
 T - a +1 morningstar of protection (weapon)
Missiles
 c - 21 sling bullets of flame
 d - 40 bolts
 e - 68 sling bullets
 j - 62 poisoned needles
 r - an arrow of flame
 u - 17 arrows of frost
 y - 9 silver bolts
 C - 16 bolts of flame
 O - 6 tomahawks (quivered)
 R - 2 throwing nets
Armour
 k - a +4 scale mail (worn)
 q - a +0 cloak (worn)
 t - a +0 pair of boots (worn)
 J - a +0 plate armour
Magical staves
 i - an uncursed staff of conjuration
Jewellery
 z - an amulet of the gourmand (around neck)
 K - a ring of magical power (left hand)
Magical devices
 p - a wand of slowing (44)
 s - a wand of cold (10)
 v - a wand of draining (8)
 D - a wand of confusion (20)
 E - a wand of slowing (18)
 L - a wand of flame (32)
 M - a wand of random effects (15)
 N - a wand of random effects (29)
 V - a wand of enslavement (9)
 W - a wand of random effects (19)
 Y - a wand of slowing (12)
Scrolls
 b - 2 scrolls of identify
 g - 7 scrolls of remove curse
 w - a scroll of magic mapping
 B - a scroll of blinking
 F - 2 scrolls of recharging
Potions
 f - a potion of poison
 h - a potion of haste
 o - 4 potions of might
 A - 3 potions of brilliance
Books
 Q - a book of Fire

   Spells                             Type                      Level
   a - Ignite Poison                  Fire/Transmutation           5
   b - Fireball                       Conjuration/Fire             5
   c - Bolt of Fire                   Conjuration/Fire             6
   d - Delayed Fireball               Conjuration/Fire             7
   e - Ring of Flames                 Charms/Fire                  7
 Z - a book of Hinderance

   Spells                             Type                      Level
   a - Confusing Touch                Hexes                        2
   b - Confuse                        Hexes                        3
   c - Petrify                        Transmutation/Earth          4
   d - Metabolic Englaciation         Hexes/Ice                    5
   e - Gell's Gravitas                Hexes/Translocation          5
   f - Summon Mana Viper              Hexes/Summoning              5
Comestibles
 l - 2 chunks of flesh
 m - a royal jelly
 x - 5 beef jerkies
 I - 2 meat rations
 S - 3 bread rations
 X - a slice of pizza


   Skills:
 + Level 6.4 Fighting
 + Level 6.2 Maces & Flails
 + Level 5.9(6.5) Slings
   Level 3.8 Bows
 + Level 3.7(5.4) Throwing
 + Level 6.2 Armour
 + Level 6.6 Dodging
 + Level 2.2 Stealth
 + Level 3.2 Invocations


You had 9 spell levels left.
You didn't know any spells.

Dungeon Overview and Level Annotations

Branches:
Dungeon (8/15)             Temple (1/1) D:6            Lair (2/8) D:8

Altars:
Ashenzari
Cheibriados
Dithmenos
Elyvilon
Fedhas
Kikubaaqudgha
Makhleb
Nemelex Xobeh
Okawaru
Qazlal
Sif Muna
Trog
Vehumet
Xom
Yredelemnul
Zin
The Shining One

Annotations:
D:3 Grinder


Innate Abilities, Weirdness & Mutations

You have a pair of small horns on your head.
You are partially covered in yellow scales (AC +2).
When hurt, damage is shared between your health and your magic reserves.
You regenerate magic rapidly.
You tend to lose your temper in combat.
You are very dopey. (Int -4)


Message History

You feel sick.
You continue eating.
* * * LOW HITPOINT WARNING * * *
You feel sick.
Eat one of 3 chunks of flesh? (ye/n/q/i?) This raw flesh tastes great.
* * * LOW HITPOINT WARNING * * *
You feel sick.
You continue eating.
* * * LOW HITPOINT WARNING * * *
You feel sick.
You continue eating.
* * * LOW HITPOINT WARNING * * *
You feel sick.
Wield which item (- for none, * to show all)? (? for menu, Esc to quit)
Okay, then.
That item cannot be evoked!
Use which ability? (? or * to list) Space bends around you!
You blink.
You feel slightly more hungry.
You die...

≈≈≈.#P..# ##...........
≈≈≈≈##...##............
≈≈≈............FY...#.
≈≈≈≈P...............#
≈≈≈.......##.#....P#
≈≈≈≈.....# #..§...# #
≈≈P # .###.....## ..#
#........#......
##.#...@........
##....#.#......
#.#...........
.........#.. .
#.##..##..# ## #.. .##
#.. .# #$. .# .


You could see a yak and a spiny frog.

Vanquished Creatures
  A spiny frog (Lair:1)
  A komodo dragon (Lair:1)
  A basilisk (Lair:1)
  7 yaks
  A hippogriff (D:8)
  6 water moccasins
  2 phantoms
  A sky beast (D:7)
  2 orc warriors (D:6)
  An ice beast (D:5)
  2 ogres
  7 centaurs
  4 crocodiles
  9 giant frogs
  5 scorpions
  4 wights (D:7)
  4 crimson imps
  3 goliath beetles
  7 orc priests
  A jelly (D:8)
  4 hounds
  5 iguanas
  Natasha (D:3)
  6 orc wizards
  5 worker ants
  Jessica (D:3)
  4 gnolls (D:3)
  9 adders
  2 giant mites
  2 worms
  6 giant geckos
  3 oozes
  29 orcs
  15 bats
  A bat skeleton (D:6)
  6 giant cockroaches
  12 goblins
  7 hobgoblins
  6 jackals
  8 quokkas
  2 ball pythons
  7 giant newts
  9 kobolds
  A quokka skeleton (D:4)
  A quokka zombie (D:5)
  13 rats
  2 ballistomycetes (D:7)
  2 fungi (D:8)
  A plant (D:8)
239 creatures vanquished.

Vanquished Creatures (others)
  3 orc wizards
  A giant spore (D:7)
4 creatures vanquished.

Grand Total: 243 creatures vanquished

Notes
Turn   | Place    | Note
--------------------------------------------------------------
     0 | Abyss:1  | gornard, the Demonspawn Abyssal Knight, began the quest for the Orb.
     0 | Abyss:1  | Reached XP level 1. HP: 18/18 MP: 1/1
     7 | D:1      | Escaped the Abyss
   215 | D:1      | Reached skill level 1 in Dodging
   229 | D:1      | Gained mutation: When hurt, damage is shared between your health and your magic reserves. [demonic ancestry]
   229 | D:1      | Reached XP level 2. HP: 5/24 MP: 2/2
   824 | D:1      | Acquired Lugonu's first power
  1339 | D:1      | Reached XP level 3. HP: 29/29 MP: 5/5
  1642 | D:2      | Found an ancient bone altar of Kikubaaqudgha.
  1642 | D:2      | Found a shadowy altar of Dithmenos.
  1642 | D:2      | Found an iron altar of Okawaru.
  1922 | D:2      | Found a glowing golden altar of the Shining One.
  2607 | D:2      | Found a bloodstained altar of Trog.
  2673 | D:2      | Gained mutation: You have a pair of small horns on your head. [demonic ancestry]
  2673 | D:2      | Reached XP level 4. HP: 31/35 MP: 6/6
  3123 | D:3      | Noticed a centaur
  3136 | D:3      | Killed a centaur
  3136 | D:3      | Reached XP level 5. HP: 18/42 MP: 4/8
  3346 | D:3      | Reached skill level 4 in Fighting
  3371 | D:3      | Acquired Lugonu's second power
  3516 | D:3      | Found a sparkling altar of Nemelex Xobeh.
  3517 | D:3      | Noticed Natasha
  3523 | D:3      | Killed Natasha
  3597 | D:3      | Noticed Jessica
  3602 | D:3      | Killed Jessica
  3745 | D:3      | Noticed Grinder
  3777 | D:3      | Gained mutation: You are dopey. (Int -2) [potion of mutation]
  3777 | D:3      | Gained mutation: You tend to lose your temper in combat. [potion of mutation]
  3777 | D:3      | Gained mutation: You are very dopey. (Int -4) [potion of mutation]
  3915 | D:4      | Noticed an ogre
  3924 | D:4      | Killed an ogre
  3924 | D:4      | Gained mutation: You are partially covered in yellow scales (AC +2). [demonic ancestry]
  3924 | D:4      | Reached XP level 6. HP: 47/49 MP: 9/9
  4396 | D:4      | Noticed a phantom
  4448 | D:4      | Killed a phantom
  4448 | D:4      | Reached skill level 1 in Bows
  4448 | D:4      | Reached skill level 1 in Stealth
  4576 | D:4      | Got a brightly glowing robe
  4578 | D:4      | Identified the cursed -5 robe of the Devil {rElec rC+ MR+ MP+9 Stlth-} (You found it on level 4 of the Dungeon)
  4752 | D:4      | Reached XP level 7. HP: 51/55 MP: 11/11
  4959 | D:5      | Entered Level 5 of the Dungeon
  5335 | D:5      | Acquired Lugonu's third power
  5800 | D:5      | Reached skill level 5 in Fighting
  5940 | D:5      | Reached XP level 8. HP: 60/62 MP: 12/12
  6582 | D:6      | Acquired Lugonu's fourth power
  6624 | D:6      | Reached skill level 1 in Throwing
  6973 | D:6      | Found a staircase to the Ecumenical Temple.
  7102 | D:6      | Found a shimmering altar of Xom.
  7174 | D:6      | Reached skill level 1 in Slings
  7518 | Temple   | Entered the Ecumenical Temple
  8040 | D:7      | Reached skill level 5 in Dodging
  8040 | D:7      | Gained mutation: You regenerate magic rapidly. [demonic ancestry]
  8040 | D:7      | Reached XP level 9. HP: 54/68 MP: 14/14
  8605 | D:7      | Acquired Lugonu's fifth power
  9860 | D:8      | Found a staircase to the Lair.
 10292 | D:8      | Reached skill level 5 in Maces & Flails
 10292 | D:8      | Reached skill level 5 in Armour
 10879 | D:8      | Found a radiant altar of Vehumet.
 11180 | Lair:1   | Entered Level 1 of the Lair of Beasts
 11420 | Lair:1   | Noticed a spiny frog
 11452 | Lair:1   | Killed a spiny frog
 11452 | Lair:1   | Reached skill level 6 in Dodging
 11452 | Lair:1   | Reached XP level 10. HP: 40/76 MP: 15/15
 11680 | Lair:1   | Noticed a komodo dragon
 11687 | Lair:1   | Killed a komodo dragon
 12105 | Lair:1   | Found a shimmering altar of Xom.
 12340 | Lair:1   | Reached skill level 5 in Slings
 13566 | Lair:2   | HP: 2/77 [poisoned by a spiny frog]
 13568 | Lair:2   | Succumbed to a spiny frog's poison

Action                   |  1- 3 |  4- 6 |  7- 9 | 10-12 || total
-------------------------+-------+-------+-------+-------++-------
Melee: Mace              |   120 |   105 |   451 |       ||   676
       Morningstar       |       |       |    55 |   124 ||   179
 Fire: Shortbow          |       |    49 |    71 |       ||   120
       Blowgun           |       |       |    78 |       ||    78
       Hunting sling     |       |       |   126 |    85 ||   211
Throw: Tomahawk          |       |       |     2 |       ||     2
Invok: Depart the Abyss  |     1 |       |       |       ||     1
       Bend Space        |       |       |       |     1 ||     1
Evoke: Wand              |       |       |     2 |     1 ||     3
  Use: Potion            |     5 |     3 |     4 |     3 ||    15
       Scroll            |     9 |     3 |     8 |     3 ||    23
  Eat: Chunk             |     3 |     1 |     8 |     6 ||    18
       Fruit             |     2 |       |       |       ||     2
       Meat ration       |     1 |       |     1 |       ||     2
       Bread ration      |       |     1 |     2 |       ||     3
       Beef jerky        |       |       |     1 |     2 ||     3
